 Dungeon Sprint DCSS version 0.21.0-25-ge575cb9 (webtiles) character file.

12590 wojtek the Severer (level 11, -17/169 HPs)
             Began as a Minotaur Berserker on Jan 26, 2018.
             Was the Champion of Trog.
             Demolished by a dire elephant (31 damage)
             ... in the Dungeon (Sprint III: "The Ten Rune Challenge").
             The game lasted 00:07:06 (2390 turns).

wojtek the Severer (Minotaur Berserker)             Turns: 2390, Time: 00:07:06

Health: -17/169    AC: 14    Str: 30    XL:     11   Next: 64%
Magic:  3/3        EV: 17    Int:  7    God:    Trog [******]
Gold:   5606       SH:  0    Dex: 10    Spells: 10/10 levels left

rFire    . . .     SeeInvis .   w - +8 broad axe (antimagic)
rCold    . . .     Gourm    .   (no shield)
rNeg     . . .     Faith    .   x - +0 scale mail
rPois    .         Spirit   .   y - +1 hat {Int+3}
rElec    .         Reflect  .   k - +0 cloak
rCorr    .         Harm     .   s - +0 pair of gloves
MR       .....     NoTele   +   (no boots)
Stlth    ..........             (no amulet)
HPRegen  0.38/turn              (no ring)
MPRegen  0.08/turn              (no ring)

@: berserking, very quick
A: retaliatory headbutt, horns 2
a: Berserk, Trog's Hand, Brothers in Arms, Burn Spellbooks, Renounce Religion


You were in the Dungeon.
You worshipped Trog.
Trog was exalted by your worship.
You were very hungry.

You visited 1 branch You collected 5606 gold pieces.

Inventory:

Hand Weapons
 a - a +0 hand axe
 j - a +2 battleaxe of chopping
 v - a +1 antimagic executioner's axe
 w - a +8 antimagic broad axe (weapon)
Missiles
 b - 4 throwing nets (quivered)
Armour
 k - a +0 cloak (worn)
 s - a +0 pair of gloves (worn)
 x - a +0 scale mail (worn)
 y - a +1 hat of intelligence (worn)
Wands
 t - a wand of paralysis (11)
Scrolls
 i - a scroll of blinking
 l - 2 scrolls of torment {unknown}
 m - 3 scrolls of remove curse {unknown}
 n - a scroll of identify {unknown}
Potions
 d - 2 potions of curing
 e - a potion of heal wounds
 f - a potion of haste
 g - 2 potions of magic
 h - a potion of berserk rage
 o - a potion of lignification {unknown}
 p - a potion of agility {unknown}
 q - 2 potions of flight
 r - 4 potions of mutation
Miscellaneous
 u - a lamp of fire
Comestibles
 c - 20 rations


   Skills:
 + Level 15.5 Fighting
 * Level 20.5 Axes
 + Level 15.3 Armour
 + Level 14.2 Dodging


You had 10 spell levels left.
You didn't know any spells.

Dungeon Overview and Level Annotations

Branches:
Dungeon (1/1)

Altars:
Cheibriados
Dithmenos
Elyvilon
Fedhas
Gozag
Hepliaklqana
Kikubaaqudgha
Makhleb
Nemelex Xobeh
Okawaru
Qazlal
Ru
Sif Muna
Trog
Uskayaw
Vehumet
Wu Jian
Xom
Yredelemnul
Zin
The Shining One
Beogh
Jiyva
Lugonu

Shops:
D (


Innate Abilities, Weirdness & Mutations

You reflexively headbutt those who attack you in melee.
You have a pair of horns on your head.


Message History

The dire elephant tramples you but does no damage.
The dire elephant trunk-slaps you!
You slice the dire elephant!!
The dire elephant is moderately wounded.
You slash the plant! The dire elephant tramples you!
You hold your ground!
The dire elephant trunk-slaps you!
* * * LOW HITPOINT WARNING * * *
A red film seems to cover your vision as you go berserk!
You feel yourself moving faster!
You feel mighty!
You are feeling very hungry.
The dire elephant tramples you!!
* * * LOW HITPOINT WARNING * * *
You hold your ground!
The dire elephant barely misses you.
You slash the dire elephant! You headbutt the dire elephant!!
The dire elephant is heavily wounded.
You slash the plant! You slash the dire elephant!
Your headbutt misses the dire elephant.
The dire elephant is severely wounded.
You slash the plant! The dire elephant tramples you!!
You die...

▓.###..##.÷####...#
▓#.....##..###....#
###..##...##.....#
##..##....#.)....#
#..###..##.#.....#
#..# #..#####....#
▓▓▓▓▓▓▓▓▓▓▓▓▓▓▓▓▓▓
▓...'.≈§.≈≈≈≈≈♣♣..
▓@YP#Y≈≈≈§§..≈♣♣.≈
▓.PP#≈≈§.§§.≈.≈').
▓..P#≈≈§≈§§≈≈≈♣♣♣♣
▓.)(#≈≈≈≈§.≈≈≈♣
▓##+####†#######
▓...C..Y).......
▓#+#############
.JJ# ▓...+


You could see a dire elephant.

Vanquished Creatures
  Rupert (D)
  Gastronok (D)
  Erolcha (D)
  An orc high priest (D)
  A deep elf mage (D)
  2 elephants (D)
  2 spiny frogs (D)
  A komodo dragon (D)
  A rime drake (D)
  A queen bee (D)
  5 blink frogs (D)
  3 wandering mushrooms (D)
  A shadow (D)
  2 redbacks (D)
  A spatial vortex (D)
  A swamp drake (D)
  A necrophage (D)
  5 two-headed ogres (D)
  A water elemental (D)
  19 killer bees (D)
  A jelly (D)
  An orc wizard (D)
  Crazy Yiuf (D)
  Jessica (D)
  A wizard (D)
  A necromancer (D)
  A kobold demonologist (D)
  3 humans (D)
  9 orcs (D)
  3 rats (D)
  A plant (D)
74 creatures vanquished.

Vanquished Creatures (collateral kills)
  A dire elephant (D)
  2 orc high priests (D)
  13 killer bees (D)
  An orc priest (D)
  An orc wizard (D)
  3 orcs (D)
21 creatures vanquished.

Vanquished Creatures (others)
  2 draconian scorchers (D)
  6 hellions (D)
  3 yaktaurs (D)
  A plant (D)
12 creatures vanquished.

Grand Total: 107 creatures vanquished

Notes
Turn   | Place    | Note
-------+----------+-------------------------------------------
     0 | D        | wojtek the Minotaur Berserker began the quest for the Orb.
     0 | D        | Reached XP level 1. HP: 19/19 MP: 0/0
    12 | D        | Reached skill level 4 in Axes
    31 | D        | Noticed Jessica
    35 | D        | Killed Jessica
    35 | D        | Reached ** piety under Trog
    35 | D        | Reached skill level 5 in Axes
    35 | D        | Reached XP level 2. HP: 26/28 MP: 1/1
    87 | D        | Noticed Crazy Yiuf
    90 | D        | Killed a hellion
    92 | D        | Killed Crazy Yiuf
    92 | D        | Reached skill level 5 in Fighting
    92 | D        | Reached skill level 6 in Axes
    92 | D        | Reached XP level 3. HP: 36/36 MP: 2/2
    92 | D        | Reached *** piety under Trog
    92 | D        | Reached skill level 7 in Axes
    92 | D        | Reached XP level 4. HP: 42/42 MP: 3/3
   105 | D        | Killed a yaktaur
   112 | D        | Killed a hellion
   113 | D        | Killed a hellion
   119 | D        | Killed a hellion
   123 | D        | Killed a hellion
   124 | D        | Killed a hellion
   139 | D        | Killed a white draconian scorcher
   159 | D        | Noticed a water elemental
   163 | D        | Killed a water elemental
   163 | D        | Reached skill level 8 in Axes
   163 | D        | Reached skill level 5 in Armour
   163 | D        | Reached skill level 5 in Dodging
   167 | D        | Killed a white draconian scorcher
   285 | D        | Found a radiant altar of Vehumet.
   286 | D        | Found a deep blue altar of Sif Muna.
   286 | D        | Found an ancient bone altar of Kikubaaqudgha.
   286 | D        | Noticed a wizard
   288 | D        | Killed a wizard
   288 | D        | Reached XP level 5. HP: 51/51 MP: 4/4
   292 | D        | Reached **** piety under Trog
   292 | D        | Reached skill level 9 in Axes
   326 | D        | Found a glowing silver altar of Zin.
   327 | D        | Found a glowing golden altar of the Shining One.
   327 | D        | Found a white marble altar of Elyvilon.
   327 | D        | Noticed a deep elf mage
   338 | D        | Received a gift from Trog
   341 | D        | Killed a deep elf mage
   341 | D        | Reached skill level 12 in Axes
   341 | D        | Reached XP level 6. HP: 44/63 MP: 5/5
   341 | D        | Reached XP level 7. HP: 48/70 MP: 6/6
   444 | D        | Found a hide-covered altar of Uskayaw.
   444 | D        | Found an iron altar of Okawaru.
   445 | D        | Found a roughly hewn altar of Beogh.
   445 | D        | Found a bloodstained altar of Trog.
   445 | D        | Found an ornate altar of the Wu Jian Council.
   445 | D        | Noticed a human
   445 | D        | Noticed a human
   450 | D        | Killed a human
   450 | D        | Reached ***** piety under Trog
   455 | D        | Killed a human
   455 | D        | Reached skill level 13 in Axes
   517 | D        | Found a shadowy altar of Dithmenos.
   520 | D        | Reached skill level 10 in Fighting
   521 | D        | Found a basalt altar of Yredelemnul.
   521 | D        | Found a sacrificial altar of Ru.
   524 | D        | Reached XP level 8. HP: 79/79 MP: 7/7
   587 | D        | Reached skill level 10 in Armour
   660 | D        | Found a blossoming altar of Fedhas.
   660 | D        | Found a stormy altar of Qazlal.
   660 | D        | Found a snail-covered altar of Cheibriados.
   660 | D        | Found a burning altar of Makhleb.
   660 | D        | Found a shimmering altar of Xom.
   661 | D        | Found a hazy altar of Hepliaklqana.
   661 | D        | Found an opulent altar of Gozag.
   661 | D        | Found a sparkling altar of Nemelex Xobeh.
   661 | D        | Found a corrupted altar of Lugonu.
   661 | D        | Found a viscous altar of Jiyva.
   668 | D        | Received a gift from Trog
   690 | D        | Reached skill level 14 in Axes
   751 | D        | Noticed a two-headed ogre
   764 | D        | Killed a two-headed ogre
   764 | D        | Reached skill level 10 in Dodging
   869 | D        | Noticed a two-headed ogre
   869 | D        | Noticed Erolcha
   874 | D        | Killed a two-headed ogre
   874 | D        | Reached skill level 15 in Axes
   874 | D        | Reached XP level 9. HP: 89/89 MP: 8/8
   879 | D        | Killed Erolcha
   879 | D        | Received a gift from Trog
   898 | D        | Killed a yaktaur
  1004 | D        | Noticed an orc high priest
  1004 | D        | Noticed an orc high priest
  1009 | D        | Noticed a red devil
  1009 | D        | Killed an orc high priest
  1009 | D        | Reached skill level 16 in Axes
  1010 | D        | Received a gift from Trog
  1012 | D        | Noticed an ice devil
  1012 | D        | Noticed an orc high priest
  1014 | D        | Noticed a red devil
  1014 | D        | Killed an orc high priest
  1015 | D        | Reached ****** piety under Trog
  1019 | D        | Received a gift from Trog
  1021 | D        | Noticed a red devil
  1021 | D        | Noticed an ice devil
  1026 | D        | Noticed an orange demon
  1028 | D        | Killed an orc high priest
  1028 | D        | Reached skill level 17 in Axes
  1028 | D        | Reached XP level 10. HP: 82/100 MP: 7/9
  1052 | D        | Found Ihehicag's Antique Weapon Boutique.
  1193 | D        | Received a gift from Trog
  1417 | D        | Received a gift from Trog
  1427 | D        | Received a gift from Trog
  1538 | D        | Received a gift from Trog
  1757 | D        | Received a gift from Trog
  1757 | D        | Reached skill level 18 in Axes
  1929 | D        | Noticed a spiny frog
  1929 | D        | Noticed a spiny frog
  1935 | D        | Killed a spiny frog
  1938 | D        | Killed a spiny frog
  1938 | D        | Received a gift from Trog
  2063 | D        | Reached skill level 19 in Axes
  2063 | D        | Reached XP level 11. HP: 111/111 MP: 3/10
  2066 | D        | Received a gift from Trog
  2091 | D        | Noticed Rupert
  2101 | D        | Killed Rupert
  2101 | D        | Reached skill level 15 in Fighting
  2112 | D        | Noticed a dire elephant
  2117 | D        | Noticed a dire elephant
  2120 | D        | Noticed Gastronok
  2121 | D        | Noticed an azure jelly
  2121 | D        | Noticed an azure jelly
  2121 | D        | Noticed an azure jelly
  2121 | D        | Noticed an azure jelly
  2128 | D        | Killed Gastronok
  2128 | D        | Reached skill level 20 in Axes
  2128 | D        | Reached skill level 15 in Armour
  2138 | D        | Killed a dire elephant
  2138 | D        | Received a gift from Trog
  2390 | D        | Demolished by a dire elephant

Skill      XL: |  1  2  3  4  5  6  7  8  9 10 11 |
---------------+----------------------------------+-----
Axes           | 5 6 7 8 12 13 15 17 19 20 | 20.5
Fighting       | 4 5 6 9 10 11 12 14 15 | 15.5
Armour         | 3 4 6 8 9 11 12 14 15 | 15.3
Dodging        | 3 4 5 8 10 11 13 14 | 14.2

Action                   |  1- 3 |  4- 6 |  7- 9 | 10-12 || total
-------------------------+-------+-------+-------+-------++-------
Melee: Hand axe          |    10 |    10 |    25 |       ||    45
       Headbutt          |     2 |     3 |    18 |    19 ||    42
       Battleaxe         |       |       |    38 |    45 ||    83
       Broad axe         |       |       |       |    55 ||    55
Invok: Berserk           |     1 |     2 |     6 |     1 ||    10
       Burn Spellbooks   |       |     1 |       |       ||     1
       Brothers in Arms  |       |       |     1 |     3 ||     4
 Stab: Sleeping          |       |       |     1 |       ||     1
  Eat: Chunk             |       |     1 |     6 |     4 ||    11
       Ration            |       |       |       |     1 ||     1
Armor: Animal skin       |     1 |       |     2 |       ||     3
       Scale mail        |       |       |       |    33 ||    33
Dodge: Dodged            |     3 |     5 |    28 |    75 ||   111
